Cogmind - Beta 13 *** ADVENTURER MODE // 2024.05.22 @ 21:00:47 // Winter2019/RPGLIKE Player: XorOwl Result: Self-destructed Performance ------------- Evolutions (2) 1000 Regions Visited (5) 1000 Robots Destroyed (82) 410 Value Destroyed (2321) 2321 Prototype IDs (8) 160 Alien Tech Used (0) 0 Bonus (139) 139 TOTAL SCORE: 5030 Bonus ------- High Alert Combat Kills 139 Cogmind --------- Core Integrity 544/800 Matter 274/350 Energy 265/265 System Corruption 0% Temperature Cool (0) Movement Rolling (83) Location -8/Materials Parts ------- > --- POWER (1) -------- Improved Ion Engine > --- PROPULSION (3) --- Wheel Wheel Armored Wheel > --- UTILITY (6) ------ Structural Scanner Sensor Array Signal Interpreter Improved Terrain Scanner Seismic Detector Hardened Medium Armor Plating > --- WEAPON (3) ------- Ion Cannon Assault Cannon Rocket Launcher > --- INVENTORY (2) ---- Light Armor Plating Mace Peak State ------------ > --- POWER ------------ Improved Ion Engine > --- PROPULSION ------- Wheel Wheel Armored Wheel > --- UTILITY ---------- Structural Scanner Sensor Array Signal Interpreter Improved Terrain Scanner Seismic Detector Hardened Medium Armor Plating > --- WEAPON ----------- Ion Cannon Assault Cannon Rocket Launcher > --- INVENTORY -------- Light Armor Plating Mace [Rating: 24] Favorites ----------- Power Ion Engine Engine Ion Engine Propulsion Wheel Wheel Wheel Utility Improved Terrain Scanner Device Improved Terrain Scanner Storage Large Matter Pod Processor Signal Interpreter Protection Hardened Medium Armor Plating Weapon Assault Cannon Energy Gun Medium Laser Energy Cannon Ion Cannon Ballistic Gun Assault Rifle Ballistic Cannon Assault Cannon Launcher Rocket Launcher Build | -11 -10 -10 -9 -9 -8 ------- Run | Yrd Mat Min Mat Min Mat Slots Evolved 9 | 5 1 . 3 . . Power . | . . . . . . Propulsion 2 | 1 . . 1 . . Utility 5 | 2 1 . 2 . . Weapon 2 | 2 . . . . . Parts Attached 37 | 9 12 1 13 2 . Power 3 | 1 . . 2 . . Engine 3 | 1 . . 2 . . Core . | . . . . . . Reactor . | . . . . . . Propulsion 9 | 3 3 . 2 1 . Treads . | . . . . . . Leg . | . . . . . . Wheel 9 | 3 3 . 2 1 . Hover . | . . . . . . Flight . | . . . . . . Utility 9 | 2 3 . 3 1 . Device 5 | 2 1 . 2 . . Storage 1 | . 1 . . . . Processor 1 | . 1 . . . . Hackware . | . . . . . . Protection 2 | . . . 1 1 . Artifact . | . . . . . . Weapon 16 | 3 6 1 6 . . Energy Gun 1 | 1 . . . . . Energy Cannon 3 | . . 1 2 . . Ballistic Gun 6 | 2 4 . . . . Ballistic Cannon 3 | . 1 . 2 . . Launcher 3 | . 1 . 2 . . Special Weapon . | . . . . . . Impact Weapon . | . . . . . . Slashing Weapon . | . . . . . . Piercing Weapon . | . . . . . . Special Melee Weapon . | . . . . . . Unidentified Prototypes 1 | . . . . 1 . Parts Lost 1 | . . . . 1 . Power . | . . . . . . Propulsion . | . . . . . . Utility 1 | . . . . 1 . Weapon . | . . . . . . Highest Loss Streak 1 | . . . . 1 . To Critical Strikes . | . . . . . . Average Slot Usage (%) 99 | . 99 100 99 99 . Engine 8 | . 10 10 7 7 . Wheel 21 | . 20 20 21 23 . Device 29 | . 25 30 30 30 . Processor 8 | . 9 10 7 7 . Protection 3 | . . . 5 6 . Energy Gun 3 | . 10 4 . . . Energy Cannon 5 | . . 5 7 7 . Ballistic Gun 3 | . 13 . . . . Ballistic Cannon 6 | . 4 10 7 7 . Launcher 6 | . 3 10 7 7 . Naked Turns . | . . . . . . Heaviest Build 34 | 12 16 17 34 34 . Greatest Support 37 | 26 25 25 35 37 . Greatest Overweight (x) 1 | . 1 . 1 . . Average Overweight (x) . | . . . . . . Largest Inventory Capacity 2 | 1 1 1 2 2 . Average Capacity 1 | 1 1 1 1 2 . Most Carried 2 | 1 1 1 2 2 . Average Carried 1 | . . 1 1 2 . Final Capacity 2 | 1 1 1 2 2 2 Final Carried 2 | . 1 1 2 2 2 Class Distribution -------------------- 83% | Hacker-Skirmisher 16% | Hacker-Gunner Dominant Class ---------------- Hacker-Gunner | -10/Materials Hacker-Skirmisher | -10/Mines Hacker-Skirmisher | -9/Materials Hacker-Skirmisher | -9/Mines Hacker-Skirmisher | -8/Materials Resources | -11 -10 -10 -9 -9 -8 ----------- Run | Yrd Mat Min Mat Min Mat Matter Collected 2009 | 248 980 75 653 53 . Remotely . | . . . . . . Salvage Created 1872 | 109 538 38 1124 63 . Parts 181 | 8 44 7 106 16 . Haulers Intercepted 7 | . 2 . 5 . . Recyclers Shooed 4 | 1 . . 2 1 . Parts Field Recycled . | . . . . . . Retrieved Matter . | . . . . . . Parts Self-Destructed . | . . . . . . Prevented . | . . . . . . Kills | -11 -10 -10 -9 -9 -8 ------- Run | Yrd Mat Min Mat Min Mat Combat Hostiles Destroyed 56 | . 14 5 30 7 . Guns 15 | . 13 2 . . . Cannons 41 | . 1 3 30 7 . Classes Destroyed 9 | 2 5 . 2 . . Worker 4 | . 1 . 3 . . Tunneler 4 | 2 . . 1 1 . Hauler 7 | . 2 . 5 . . Recycler 1 | 1 . . . . . Operator 2 | . . . 2 . . Watcher 8 | . 3 . 5 . . Swarmer 22 | . 3 5 7 7 . Grunt 26 | . 11 . 15 . . Sentry 8 | . . . 8 . . Best Kill Streak 13 | 3 6 3 13 7 . Combat Bots Only 11 | . 5 3 11 7 . Max Kills in Single Turn 2 | 1 2 1 2 1 . Gunslinging 1 | . 1 . . . . Exploded . | . . . . . . Melee . | . . . . . . Uniques/NPCs Destroyed . | . . . . . . Combat | -11 -10 -10 -9 -9 -8 -------- Run | Yrd Mat Min Mat Min Mat Hostile Shots Fired 260 | . 63 35 109 53 . Missed 75 | . 19 17 27 12 . Damage Taken 1790 | . 440 105 1013 232 . Core 1361 | . 349 88 789 135 . Absorbed by Shields . | . . . . . . Redirected to Core 1124 | . 290 46 665 123 . Ignored by Resistances 491 | . 131 36 229 95 . Regen/Repaired (Parts) 9 | . . . 9 . . Core Remaining (%) 87 | 100 . 94 . 68 . Volleys Fired 247 | 5 100 17 111 14 . Largest 3 | 3 3 2 3 2 . Hottest 129 | 90 105 95 129 104 . Shots Fired 466 | 15 189 30 204 28 . Gun 153 | 15 131 7 . . . Cannon 283 | . 33 23 199 28 . Launcher 30 | . 25 . 5 . . Special . | . . . . . . Kinetic 256 | 10 120 17 95 14 . Thermal 180 | 5 44 13 104 14 . Explosive 30 | . 25 . 5 . . Electromagnetic . | . . . . . . Robot Hit Streak 27 | 10 19 5 27 21 . Robot Miss Streak 3 | . 2 3 2 1 . Penetration Max . | . . . . . . Secondary Targets 7 | . 7 . . . . Max Gunslinging Chain 1 | . 1 . . . . Shots Hit Robots 259 | 10 97 10 122 20 . Core Hits 106 | 5 36 5 51 9 . Critical Kills . | . . . . . . Critical Parts Destroyed . | . . . . . . Critical Strikes 2 | . 1 . 1 . . Burn 1 | . 1 . . . . Blast 1 | . . . 1 . . Melee Attacks . | . . . . . . Impact . | . . . . . . Slashing . | . . . . . . Piercing . | . . . . . . Sneak Attacks . | . . . . . . Combat Hostiles . | . . . . . . Follow-up Attacks . | . . . . . . Damage Inflicted 5043 | 132 1241 177 3022 471 . Guns 1280 | 132 1123 25 . . . Cannons 3612 | . 79 152 2918 463 . Explosions 143 | . 39 . 104 . . Melee . | . . . . . . Ramming 8 | . . . . 8 . Kinetic 2474 | 67 823 135 1239 210 . Thermal 2418 | 65 379 42 1679 253 . Explosive 143 | . 39 . 104 . . Electromagnetic . | . . . . . . Impact . | . . . . . . Slashing . | . . . . . . Piercing . | . . . . . . Highest Corruption . | . . . . . . Average Corruption . | . . . . . . Corruption Purged . | . . . . . . Corruption Blocked . | . . . . . . Overload Shots . | . . . . . . Overflow Damage 88 | . . . 71 17 . Projectiles 87 | . . . 70 17 . Explosions 1 | . . . 1 . . Melee . | . . . . . . Knockbacks 14 | . . 1 7 6 . Impact . | . . . . . . Kinetic 12 | . . 1 7 4 . Secondary 2 | . . . . 2 . Self-Inflicted Damage 44 | . 24 . 16 4 . Shots 2 | . 1 . 1 . . Rammed 1 | . . . . 1 . Targets Rammed 1 | . . . . 1 . Kicked . | . . . . . . Crushed . | . . . . . . Highest Temperature 456 | 36 126 45 277 456 . Average Temperature 64 | 14 40 13 60 182 . Received Heat Transfer 609 | . 258 . 351 . . Effects 6 | . . . . 6 . Shutdowns 1 | . . . . 1 . Energy Bleed 1 | . . . . 1 . Matter Decay 1 | . . . . 1 . Damage (major) 3 | . . . . 3 . Siege Activations . | . . . . . . Robots Corrupted . | . . . . . . Combat Hostiles . | . . . . . . Parts Fried . | . . . . . . Impact Corruptions . | . . . . . . Robots Melted . | . . . . . . Combat Hostiles . | . . . . . . Parts Melted 4 | . 3 . 1 . . Heat Transferred 4699 | 185 1184 111 2812 407 . Parts Sabotaged . | . . . . . . Parts Stolen . | . . . . . . Parts Stripped . | . . . . . . Power Chain Reactions . | . . . . . . Alert | -11 -10 -10 -9 -9 -8 ------- Run | Yrd Mat Min Mat Min Mat Peak Influence 735 | 15 339 236 735 214 . Initial 98 | . 8 98 17 37 2 Average 192 | 5 162 154 243 58 . Maximum Alert Level 3 | . 1 1 3 1 . Low Security (%) 59 | 100 50 67 57 82 . Level 1 26 | . 49 32 16 17 . Level 2 12 | . . . 24 . . Level 3 1 | . . . 2 . . Level 4 . | . . . . . . Level 5 . | . . . . . . High Security . | . . . . . . Max Security . | . . . . . . Squads Dispatched 6 | . 2 . 3 1 . Investigation 3 | . 2 . 1 . . Extermination . | . . . . . . Reinforcement 3 | . . . 2 1 . Assault . | . . . . . . Garrison . | . . . . . . Intercept . | . . . . . . Searches Triggered . | . . . . . . Construction Impeded 1 | . . . . 1 . Haulers Reinforced . | . . . . . . Active Scanning Responses . | . . . . . . Cargo Convoy Interrupts . | . . . . . . Stealth | -11 -10 -10 -9 -9 -8 --------- Run | Yrd Mat Min Mat Min Mat Distress Signals 1 | . 1 . . . . Communications Jammed . | . . . . . . Distress Signals . | . . . . . . Times Spotted 76 | . 21 5 42 8 . Peak Tracking Total 8 | . 6 3 6 8 . Tactical Retreats 1 | . . . . 1 . Traps | -11 -10 -10 -9 -9 -8 ------- Run | Yrd Mat Min Mat Min Mat Traps Triggered 6 | . 4 . 2 . . Indirectly . | . . . . . . Trap Hack Attempts . | . . . . . . Triggered . | . . . . . . Disarmed 5 | . . . 5 . . Reprogrammed . | . . . . . . Reused . | . . . . . . Traps Extracted . | . . . . . . Installed . | . . . . . . Triggered . | . . . . . . Machines | -11 -10 -10 -9 -9 -8 ---------- Run | Yrd Mat Min Mat Min Mat Machines Disabled 59 | . 32 3 23 1 . Max in Single Turn 3 | . 3 1 2 1 . Machines Repaired . | . . . . . . Machines Dismantled . | . . . . . . Machines Sabotaged . | . . . . . . Overloaded Fab Kills . | . . . . . . Hacking | -11 -10 -10 -9 -9 -8 --------- Run | Yrd Mat Min Mat Min Mat Machines Accessed 16 | . 6 . 10 . . Terminals 13 | . 4 . 9 . . Fabricators . | . . . . . . Repair Stations 1 | . . . 1 . . Recycling Units 2 | . 2 . . . . Scanalyzers . | . . . . . . Garrison Access . | . . . . . . Total Hacks 44 | . 10 . 34 . . Successful 36 | . 9 . 27 . . Failed 8 | . 1 . 7 . . Catastrophic . | . . . . . . Database Lockouts . | . . . . . . Manual 28 | . 7 . 21 . . Terminals 39 | . 7 . 32 . . Fabricators . | . . . . . . Repair Stations 2 | . . . 2 . . Recycling Units 3 | . 3 . . . . Scanalyzers . | . . . . . . Garrison Access . | . . . . . . Terminal Hacks 16 | . 3 . 13 . . Record 1 | . . . 1 . . Robot Analysis 2 | . . . 2 . . Prototype ID Bank 4 | . 1 . 3 . . Terminal Index 1 | . 1 . . . . Alert Level 5 | . 1 . 4 . . Disarm Traps 1 | . . . 1 . . Patrol Status 1 | . . . 1 . . Zone Layout 1 | . . . 1 . . Fabricator Hacks . | . . . . . . Repair Station Hacks 2 | . . . 2 . . Scan Component 1 | . . . 1 . . Repair 1 | . . . 1 . . Recycling Unit Hacks 1 | . 1 . . . . Report Inventory 1 | . 1 . . . . Scanalyzer . | . . . . . . Garrison Access Hacks . | . . . . . . Unauthorized Hacks 17 | . 5 . 12 . . Terminals 15 | . 3 . 12 . . Botnet 11 | . 3 . 8 . . Disrupt 4 | . . . 4 . . Fabricators . | . . . . . . Repair Stations . | . . . . . . Recycling Units 2 | . 2 . . . . Tunnel 2 | . 2 . . . . Scanalyzers . | . . . . . . Garrison Access . | . . . . . . Data Cores Recovered 2 | . . . 2 . . Used . | . . . . . . Hacking Detections 8 | . 2 . 6 . . Full Trace Events 1 | . . . 1 . . Feedback Events . | . . . . . . Feedback Blocked . | . . . . . . Robot Schematics Acquired . | . . . . . . Robots Built . | . . . . . . Authchips . | . . . . . . Time . | . . . . . . Total Robot Build Rating . | . . . . . . Part Schematics Acquired . | . . . . . . Parts Built . | . . . . . . Authchips . | . . . . . . Time . | . . . . . . Total Part Build Rating . | . . . . . . Parts Repaired 1 | . . . 1 . . Time 13 | . . . 13 . . Parts Recycled . | . . . . . . Recycled Matter . | . . . . . . Retrieved Matter . | . . . . . . Retrieved Components . | . . . . . . Parts Scanalyzed . | . . . . . . Part Schematics Acquired . | . . . . . . Parts Damaged . | . . . . . . Bothacking | -11 -10 -10 -9 -9 -8 ------------ Run | Yrd Mat Min Mat Min Mat Used RIF Installer . | . . . . . . Robots Hacked . | . . . . . . Non-combat . | . . . . . . Combat . | . . . . . . Robot Hacks Applied . | . . . . . . Relay Couplers Released . | . . . . . . Fabnet Peak Effective % . | . . . . . . Robots Rewired . | . . . . . . Allies Hacked . | . . . . . . Hacks Repelled . | . . . . . . Allies | -11 -10 -10 -9 -9 -8 -------- Run | Yrd Mat Min Mat Min Mat Total Allies . | . . . . . . Largest Group . | . . . . . . Highest-Rated Group . | . . . . . . Highest-Rated Ally . | . . . . . . Total Orders . | . . . . . . Ally Attacks . | . . . . . . Total Damage . | . . . . . . Kills . | . . . . . . Allies Corrupted . | . . . . . . Allies Melted . | . . . . . . Intel | -11 -10 -10 -9 -9 -8 ------- Run | Yrd Mat Min Mat Min Mat Robot Analysis Total 2 | . . . 2 . . Derelict Logs Recovered 4 | . . 1 . 3 . Drone Launches . | . . . . . . Drone Recoveries . | . . . . . . Exploration | -11 -10 -10 -9 -9 -8 ------------- Run | Yrd Mat Min Mat Min Mat Turns Passed 6842 | 78 1998 487 3595 684 . Spaces Moved 4447 | 57 1487 501 1800 602 . Core 1 | 1 . . . . . Treads . | . . . . . . Legs . | . . . . . . Wheels 4446 | 56 1487 501 1800 602 . Hover . | . . . . . . Flight . | . . . . . . Fastest Speed 50 | 50 80 80 80 80 . Average Speed 80 | 86 80 80 80 82 . Slowest Speed 100 | 100 95 80 95 83 . Overloaded Moves . | . . . . . . Propulsion Burnouts . | . . . . . . Robots Hopped . | . . . . . . Cave-ins Triggered 1 | . . . 1 . . Exploration Rate (%) 65 | 4 98 97 94 99 1 Regions Visited 5 Branch Regions 2 Pre-discovered Areas 5 | . 2 2 . 1 . Known Exits Taken 4 | . 1 1 1 1 . Unknown Exits Taken 1 | 1 . . . . . Scrap Searched 5 | . . 3 . 2 . Spaces Dug 31 | . 31 . . . . Terrain Destroyed 278 | . 228 8 39 3 . Melee . | . . . . . . Projectile 14 | . . . 11 3 . AOE 264 | . 228 8 28 . . Terrain Rammed . | . . . . . . Walls Destroyed . | . . . . . . Machines Disabled . | . . . . . . Actions | -11 -10 -10 -9 -9 -8 --------- Run | Yrd Mat Min Mat Min Mat Total 7272 | 71 2136 556 3748 761 . Wait 2447 | . 507 33 1774 133 . Move 4442 | 56 1486 500 1799 601 . Hop . | . . . . . . Pick Up 7 | . 3 . 4 . . Fast Attach 28 | 8 12 1 5 2 . Attach 2 | . . . 2 . . Detach . | . . . . . . Swap 8 | 1 . . 6 1 . Drop 17 | 1 6 1 7 2 . Fire 247 | 5 100 17 111 14 . Melee . | . . . . . . Ram 1 | . . . . 1 . Kick . | . . . . . . Crush . | . . . . . . Escape Stasis . | . . . . . . Rewire . | . . . . . . Trap . | . . . . . . Miscellaneous 73 | . 22 4 40 7 . Route ------- -11/Scrapyard -10/Materials (discovered 5 exits: *Mat x3 / *Min / [Sub]) -10/Mines (discovered 2 exits: *Mat x2) -9/Materials (discovered 4 exits: *Mat x3 / *Min) -9/Mines (discovered 2 exits: *Mat x2) -8/Materials History --------- Turn | Location | Event 1 | -11/Scrapyard | Upgraded with Propulsion slot (x1) 1 | -11/Scrapyard | Upgraded with Utility slot (x2) 1 | -11/Scrapyard | Upgraded with Weapon slot (x2) 16 | -11/Scrapyard | Discovered new exit (range 16) 79 | -11/Scrapyard | Entered Materials 265 | -10/Materials | Discovered new exit (range 10) 293 | -10/Materials | Discovered new exit (range 15) 304 | -10/Materials | Build established: Hacker-Gunner 511 | -10/Materials | Reached level 2 1082 | -10/Materials | Discovered new exit (range 4) 1100 | -10/Materials | Upgraded with Utility slot (x1) 1225 | -10/Materials | Discovered new exit (range 13) 1425 | -10/Materials | Build established: Hacker-Skirmisher 1675 | -10/Materials | Reached level 3 1832 | -10/Materials | Discovered new exit (range 7) 2076 | -10/Materials | Identified exit to Mines 2077 | -10/Materials | Entered Mines 2267 | -10/Mines | Discovered new exit (range 16) 2279 | -10/Mines | Identified exit to Materials 2293 | -10/Mines | Learned location of Zion (-6) 2310 | -10/Mines | Learned location of Storage (-7) 2317 | -10/Mines | Reached level 4 2331 | -10/Mines | Discovered exit to Materials (range 13) 2564 | -10/Mines | Entered Materials 2564 | -9/Materials | Upgraded with Utility slot (x1) 2566 | -9/Materials | Reached level 5 2810 | -9/Materials | Discovered new exit (range 16) 3015 | -9/Materials | Discovered new exit (range 14) 3155 | -9/Materials | Reached level 6 3221 | -9/Materials | Discovered new exit (range 16) 3232 | -9/Materials | Destroyed 11 combat bots 3272 | -9/Materials | Reached level 7 3373 | -9/Materials | Upgraded with Propulsion slot (x1) 3373 | -9/Materials | Upgraded with Utility slot (x1) 3672 | -9/Materials | Discovered new exit (range 12) 3680 | -9/Materials | Reached level 8 3715 | -9/Materials | Identified exit to Materials 5350 | -9/Materials | Crushed by falling debris 5785 | -9/Materials | Repaired Seismic Detector 6158 | -9/Materials | Identified exit to Mines 6159 | -9/Materials | Entered Mines 6192 | -9/Mines | Discovered exit to Materials (range 7) 6301 | -9/Mines | A weapon hastily lodged in a ceiling crevice suddenly fell to the ground 6325 | -9/Mines | Learned Materials garrison access intel 6335 | -9/Mines | Learned Materials security intel 6361 | -9/Mines | Discovered exit to Materials (range 11) 6422 | -9/Mines | Reached level 9 6451 | -9/Mines | Found a damaged Exp. Sensor Array with a note attached 6458 | -9/Mines | Destroyed 7 combat bots 6458 | -9/Mines | Found Prototype Device 6458 | -9/Mines | Identified Exp. Sensor Array 6806 | -9/Mines | Found a hidden stash of uninstalled traps 6843 | -9/Mines | Entered Materials 6843 | -8/Materials | Self-destructed Last Messages --------------- 06460_ Acquired Hrd. Medium Armor Plating. 06462_ U-05 Engineer builds a Wall. 06470_ K-01 Serf collects debris. 06576_ T-07 Excavator is excavating. 06597_ U-05 Engineer lays Concrete. 06614_ U-05 Engineer builds a Wall. 06649_ T-07 Excavator is excavating. 06652_ U-05 Engineer builds a Wall. 06653_ T-07 Excavator is excavating. 06656_ U-05 Engineer builds a Wall. 06672_ U-05 Engineer lays Concrete. 06677_ U-05 Engineer builds a Door. 06789_ T-07 Excavator destroyed. 06793_ Acquired 12 matter. 06806_ A stash of uninstalled traps is collected here! 06821_ T-07 Excavator knocked back. 06825_ Acquired 1 matter. 06838_ Slammed into R-06 Scavenger. LOCATION=MATERIALS GOAL=ESCAPE Map ----- +----------------------------------------------------+ | ?????????????????????????????????????????????????? | | ?????????????????????????????????????????????????? | | ?????????????????????????????????????????????????? | | ?????????????????????????????????????????????????? | | ?????????????????????????????????????????????????? | | ?????????????????????????????????????????????????? | | ?????????????????????????????????????????????????? | | ?????????????????????????????????????????????????? | | ?????????????????????????????????????????????????? | | ???????????????????????? ??????????????????????? | | ???????????????????????? ??????????????????????? | | ??????????????????????## ##????????????????????? | | ??????????????????????## ##????????????????????? | | ??????????????????????## ##????????????????????? | | ??????????????????????## ##????????????????????? | | ??????????????????????## ##????????????????????? | | ??????????????????????## ##????????????????????? | | ??????????????????????## # ????????????????????? | | ??????????????????????## # ????????????????????? | | ??????????????????????## # ????????????????????? | | ??????????????????????## # ????????????????????? | | ?????????????????????? # + ????????????????????? | | ?????????????????????? # # ????????????????????? | | ?????????????????????? + # ????????????????????? | | ?????????????????????? # # ????????????????????? | | ?????????????????????? # @ # ????????????????????? | | ?????????????????????? # ##????????????????????? | | ??????????????????????#######????????????????????? | | ??????????????????????#######????????????????????? | | ?????????????????????????????????????????????????? | | ?????????????????????????????????????????????????? | | ?????????????????????????????????????????????????? | | ?????????????????????????????????????????????????? | | ?????????????????????????????????????????????????? | | ?????????????????????????????????????????????????? | | ?????????????????????????????????????????????????? | | ?????????????????????????????????????????????????? | | ?????????????????????????????????????????????????? | | ?????????????????????????????????????????????????? | | ?????????????????????????????????????????????????? | | ?????????????????????????????????????????????????? | | ?????????????????????????????????????????????????? | | | | | | | | | | | | | | | | | +----------------------------------------------------+ Best States ------------- Heat Dissipation 31 Energy Generation 12 Energy Capacity 265 Matter Stores 450 Matter Capacity 450 Sight Range 17 Robot Scan Range 18 Terrain Scan Range 16 Terrain Scan Density 210 Armor Coverage 225 Resistance: KI 25 Resistance: TH 25 Resistance: EX 25 Resistance: EM 20 Resistance: I 20 Resistance: S 20 Resistance: P 20 Evasion (%) 44 Offensive Hacking 20 Defensive Hacking 10 Item Schematics ----------------- None Robot Schematics ------------------ None Fabricated ------------ Nothing Alien Tech Used ----------------- None Achievements -------------- None Challenges ------------ None RPGLIKE | -11 -10 -10 -9 -9 -8 --------- Run | Yrd Mat Min Mat Min Mat Levels Raised 8 | . 2 1 4 1 . XP Earned 16136 | 4000 3520 1235 6525 856 . XP Spent 12975 | 3960 1540 . 7475 . . Upgrades 33 | 13 5 . 15 . . Propulsion Slot 2 | 1 . . 1 . . Utility Slot 5 | 2 1 . 2 . . Weapon Slot 2 | 2 . . . . . Core Integrity 4 | 4 . . . . . Heat Dissipation 1 | 1 . . . . . Matter Storage 1 | . 1 . . . . Mass Support 1 | . 1 . . . . Inventory Capacity 2 | 1 . . 1 . . Sight Range 1 | . . . 1 . . Sensor Range 2 | . . . 2 . . Terrain Scan Density 2 | . 2 . . . . Ranged Accuracy 3 | . . . 3 . . Hack Attack % 2 | 1 . . 1 . . Hack Defense % 2 | 1 . . 1 . . KI Resistance % 1 | . . . 1 . . TH Resistance % 1 | . . . 1 . . EX Resistance % 1 | . . . 1 . . Protomatter Created 726 | . 236 12 440 38 . Integrity Restored 1410 | . 415 66 815 114 . Core 1105 | . 324 66 601 114 . Parts 305 | . 91 . 214 . . Protomatter Decayed 211 | . 89 . 122 . . Game ------ Seed UltimateMeleeSword Manual? 0 Play Time 01:31:52 Cumulative 282.2 hours Start 2024.05.22 @ 06:07:53 End 2024.05.22 @ 21:00:47 Sessions 15 Manual Loads 0 Difficulty Adventurer Special Mode Winter2019/RPGLIKE Game No. 56 Rogue 0 Adventurer 56 Explorer 0 Win Type - Total 6 Types 1/0/1/2/0/0/0/1/1 Lore% 63 Gallery% 65 Achievement% 66 Wizard Run 0 Options --------- Layout 0 ASCII 0 Keyboard 0 Movement Mouse Keybinds 0 Fullscreen 2 Font 18/SmallcapsGlow Map View 76x50 Zoom Use 0% Tactical HUD 1 Map Filters NONE Filters NONE Steam 1 RUN: 8a8c171a-b3ad-4aeb-ad95-7460c7140c2d